| TOP OF THE 1ST |
|
New Jersey Devils batting - Pitching for Brockton Rox : RHP Mitsuharu Yoshimoto
|
|
Pitching: RHP Mitsuharu Yoshimoto
|
|
|
Batting: LHB Randolph Brodbeck
|
0-0: Called Strike 0-1: SINGLE (Line Drive, 56D, EV 102.5 MPH)
|
|
Batting: RHB Sergio Andrada
|
0-0: Ball 1-0: Fly out, F8 (Flyball, 8LM, EV 92.5 MPH)
|
|
Batting: RHB Warren Carmichael
|
0-0: Ball 1-0: Called Strike Randolph Brodbeck is caught stealing 2nd base 2-4 1-1: Ball 2-1: Ball 3-1: Ground out 6-3 (Groundball, 6, EV 82.5 MPH)
|
| Top of the 1st over - 0 runs, 1 hit, 0 errors, 0 left on base; New Jersey 0 - Brockton 0 |
| BOTTOM OF THE 1ST |
|
Brockton Rox batting - Pitching for New Jersey Devils : RHP Chris Hannah
|
|
Pitching: RHP Chris Hannah
|
|
|
Batting: LHB Eric Gaugler
|
0-0: Called Strike 0-1: Swinging Strike 0-2: Strikes out swinging
|
|
Batting: RHB Jose Blocker
|
0-0: Called Strike 0-1: Fly out, F8 (Flyball, 8RM, EV 87.5 MPH)
|
|
Batting: RHB Bob Reichley
|
0-0: Ball 1-0: Called Strike 1-1: Foul Ball, location: 2F 1-2: Strikes out swinging
|
| Bottom of the 1st over - 0 runs, 0 hits, 0 errors, 0 left on base; New Jersey 0 - Brockton 0 |
| TOP OF THE 2ND |
|
New Jersey Devils batting - Pitching for Brockton Rox : RHP Mitsuharu Yoshimoto
|
|
Batting: RHB Jacob Olander
|
0-0: Ground out 6-3 (Groundball, 6, EV 106.2 MPH)
|
|
Batting: LHB Rick Vallis
|
0-0: Ball 1-0: Called Strike 1-1: Called Strike 1-2: Strikes out swinging
|
|
Batting: SHB Ernesto Mazas
|
0-0: Swinging Strike 0-1: Called Strike 0-2: Ball 1-2: Ball 2-2: Strikes out swinging
|
| Top of the 2nd over - 0 runs, 0 hits, 0 errors, 0 left on base; New Jersey 0 - Brockton 0 |
| BOTTOM OF THE 2ND |
|
Brockton Rox batting - Pitching for New Jersey Devils : RHP Chris Hannah
|
|
Batting: RHB Luis Nino
|
0-0: Fly out, F7 (Line Drive, 7, EV 93.1 MPH)
|
|
Batting: SHB Mel Gonzalez
|
0-0: Called Strike 0-1: Fly out, F8 (Flyball, 8LM, EV 96.2 MPH)
|
|
Batting: LHB Alexis Toxqui
|
0-0: Ball 1-0: Foul Ball, location: 2F 1-1: Ground out 6-3 (Groundball, 6M, EV 108.1 MPH)
|
| Bottom of the 2nd over - 0 runs, 0 hits, 0 errors, 0 left on base; New Jersey 0 - Brockton 0 |
| TOP OF THE 3RD |
|
New Jersey Devils batting - Pitching for Brockton Rox : RHP Mitsuharu Yoshimoto
|
|
Batting: RHB Craig Alvarado
|
0-0: Ball 1-0: Ball 2-0: Called Strike 2-1: Ball 3-1: Foul Ball, location: 2F 3-2: Base on Balls
|
|
Batting: RHB Eric Zylstra
|
0-0: Ball 1-0: Fielders Choice at 2nd, 5-4 (Groundball, 56, EV 100.6 MPH)
|
|
Batting: LHB Matt Reynolds
|
0-0: Called Strike 0-1: Foul Ball, location: 2F 0-2: Ball 1-2: Fielders Choice at 2nd, 4-6 (Groundball, 4, EV 105.0 MPH)
|
|
Batting: LHB Randolph Brodbeck
|
0-0: Called Strike 0-1: Swinging Strike 0-2: Ball 1-2: SINGLE (Line Drive, 4MD, EV 98.8 MPH) Matt Reynolds to second Runner from 2nd tries for 3rd, SAFE, throw by CF made to third
|
|
Batting: RHB Sergio Andrada
|
0-0: Ball 1-0: DOUBLE (Line Drive, 9LM, EV 109.4 MPH) Matt Reynolds scores Randolph Brodbeck to third Runner from 3rd tries for Home, SAFE, no throw by RF
|
|
Batting: RHB Warren Carmichael
|
0-0: Ball 1-0: Fly out, F8 (Flyball, 8RD, EV 87.5 MPH)
|
| Top of the 3rd over - 2 runs, 2 hits, 0 errors, 1 left on base; New Jersey 2 - Brockton 0 |
| BOTTOM OF THE 3RD |
|
Brockton Rox batting - Pitching for New Jersey Devils : RHP Chris Hannah
|
|
Batting: RHB Joe Lewis
|
0-0: Ball 1-0: Ground out 6-3 (Groundball, 6, EV 86.2 MPH)
|
|
Batting: LHB Isaiah Spitzbarth
|
0-0: Foul Ball, location: 2F 0-1: Ball 1-1: Foul Ball, location: 2F 1-2: Ball 2-2: Strikes out looking
|
|
Batting: LHB Darby Starburster
|
0-0: Called Strike 0-1: Called Strike 0-2: Ball 1-2: Foul Ball, location: 2F 1-2: Ball 2-2: Strikes out swinging
|
| Bottom of the 3rd over - 0 runs, 0 hits, 0 errors, 0 left on base; New Jersey 2 - Brockton 0 |
| TOP OF THE 4TH |
|
New Jersey Devils batting - Pitching for Brockton Rox : RHP Mitsuharu Yoshimoto
|
|
Batting: RHB Jacob Olander
|
0-0: Called Strike 0-1: Ball 1-1: Ball 2-1: Ground out 5-3 (Groundball, 5, EV 91.9 MPH)
|
|
Batting: LHB Rick Vallis
|
0-0: Ball 1-0: Swinging Strike 1-1: Fly out, F8 (Flyball, 8LXD, EV 99.4 MPH)
|
|
Batting: SHB Ernesto Mazas
|
0-0: Called Strike 0-1: Ball 1-1: Ball 2-1: Called Strike 2-2: Foul Ball, location: 2F 2-2: Fly out, F8 (Line Drive, 8LD, EV 105.0 MPH)
|
| Top of the 4th over - 0 runs, 0 hits, 0 errors, 0 left on base; New Jersey 2 - Brockton 0 |
| BOTTOM OF THE 4TH |
|
Brockton Rox batting - Pitching for New Jersey Devils : RHP Chris Hannah
|
|
Batting: LHB Eric Gaugler
|
0-0: Ball 1-0: Fly out, F8 (Flyball, 89M, EV 83.8 MPH)
|
|
Batting: RHB Jose Blocker
|
0-0: Swinging Strike 0-1: Foul Ball, location: 2F 0-2: Strikes out swinging
|
|
Batting: RHB Bob Reichley
|
0-0: Ball 1-0: Ball 2-0: Fly out, F3 (Popup, 34, EV 76.9 MPH)
|
| Bottom of the 4th over - 0 runs, 0 hits, 0 errors, 0 left on base; New Jersey 2 - Brockton 0 |
| TOP OF THE 5TH |
|
New Jersey Devils batting - Pitching for Brockton Rox : RHP Mitsuharu Yoshimoto
|
|
Batting: RHB Craig Alvarado
|
0-0: DOUBLE (Line Drive, 9LM, EV 92.5 MPH)
|
|
Batting: RHB Eric Zylstra
|
0-0: Ball 1-0: Ball 2-0: Ground out 6-3 (Groundball, 56D, EV 105.6 MPH)
|
|
Batting: LHB Matt Reynolds
|
0-0: Ball 1-0: Called Strike 1-1: Ball 2-1: Foul Ball, location: 2F 2-2: Strikes out swinging
|
|
Batting: LHB Randolph Brodbeck
|
0-0: Foul Ball, location: 2F 0-1: Fly out, F9 (Flyball, 9S, EV 80.0 MPH)
|
| Top of the 5th over - 0 runs, 1 hit, 0 errors, 1 left on base; New Jersey 2 - Brockton 0 |
| BOTTOM OF THE 5TH |
|
Brockton Rox batting - Pitching for New Jersey Devils : RHP Chris Hannah
|
|
Batting: RHB Luis Nino
|
0-0: Ball 1-0: Fly out, F3 (Popup, 23F, EV 78.8 MPH)
|
|
Batting: SHB Mel Gonzalez
|
0-0: Ball 1-0: Ball 2-0: Foul Ball, location: 2F 2-1: Foul Ball, location: 2F 2-2: Foul Ball, location: 2F 2-2: Strikes out swinging
|
|
Batting: LHB Alexis Toxqui
|
0-0: Ball 1-0: Fly out, F8 (Flyball, 8LM, EV 91.2 MPH)
|
| Bottom of the 5th over - 0 runs, 0 hits, 0 errors, 0 left on base; New Jersey 2 - Brockton 0 |
| TOP OF THE 6TH |
|
New Jersey Devils batting - Pitching for Brockton Rox : RHP Mitsuharu Yoshimoto
|
|
Batting: RHB Sergio Andrada
|
0-0: Ground out 6-3 (Groundball, 6S, EV 81.9 MPH)
|
|
Batting: RHB Warren Carmichael
|
0-0: Ball 1-0: Ball 2-0: Fly out, F8 (Flyball, 8RM, EV 87.5 MPH)
|
|
Batting: RHB Jacob Olander
|
0-0: Called Strike 0-1: Ground out 6-3 (Groundball, 6, EV 93.1 MPH)
|
| Top of the 6th over - 0 runs, 0 hits, 0 errors, 0 left on base; New Jersey 2 - Brockton 0 |
| BOTTOM OF THE 6TH |
|
Brockton Rox batting - Pitching for New Jersey Devils : RHP Chris Hannah
|
|
Batting: RHB Joe Lewis
|
0-0: Foul Ball, location: 2F 0-1: Called Strike 0-2: Foul Ball, location: 2F 0-2: Ground out 5-3 (Groundball, 5, EV 85.6 MPH)
|
|
Batting: LHB Isaiah Spitzbarth
|
0-0: Foul Ball, location: 2F 0-1: Ball 1-1: Ball 2-1: Ball 3-1: Fly out, F6 (Popup, 6M, EV 70.0 MPH)
|
|
Batting: LHB Darby Starburster
|
0-0: Ball 1-0: Swinging Strike 1-1: Called Strike 1-2: TRIPLE (Flyball, 78XD, EV 105.6 MPH)
|
|
Batting: LHB Eric Gaugler
|
0-0: Ball 1-0: Ball 2-0: Ball 3-0: Base on Balls
|
|
Batting: RHB Jose Blocker
|
0-0: Called Strike 0-1: Ball 1-1: Swinging Strike 1-2: Ball 2-2: Ball 3-2: Strikes out swinging
|
| Bottom of the 6th over - 0 runs, 1 hit, 0 errors, 2 left on base; New Jersey 2 - Brockton 0 |
| TOP OF THE 7TH |
|
New Jersey Devils batting - Pitching for Brockton Rox : RHP Mitsuharu Yoshimoto
|
|
Batting: LHB Rick Vallis
|
0-0: Called Strike 0-1: Called Strike 0-2: Foul Ball, location: 2F 0-2: Ball 1-2: Ball 2-2: Foul Ball, location: 2F 2-2: Ball 3-2: Strikes out looking
|
|
Batting: SHB Ernesto Mazas
|
0-0: Called Strike 0-1: Ball 1-1: Ball 2-1: Ball 3-1: Swinging Strike 3-2: Fly out, F8 (Flyball, 8RD, EV 94.4 MPH)
|
|
Batting: RHB Craig Alvarado
|
0-0: Ball 1-0: Swinging Strike 1-1: Swinging Strike 1-2: Ball 2-2: Ball 3-2: Strikes out swinging
|
| Top of the 7th over - 0 runs, 0 hits, 0 errors, 0 left on base; New Jersey 2 - Brockton 0 |
| BOTTOM OF THE 7TH |
|
Brockton Rox batting - Pitching for New Jersey Devils : RHP Chris Hannah
|
|
Batting: RHB Bob Reichley
|
0-0: Called Strike 0-1: DOUBLE (Flyball, 89D, EV 97.5 MPH)
|
|
Batting: RHB Luis Nino
|
0-0: Ball 1-0: Foul Ball, location: 2F 1-1: Ball 2-1: Foul Ball, location: 2F 2-2: Strikes out swinging
|
|
Batting: SHB Mel Gonzalez
|
0-0: Ball 1-0: Fly out, F6 (Flyball, 56D, EV 85.0 MPH)
|
|
Pinch Hitting: RHB Panam Palmer
|
0-0: Fly out, F7 (Flyball, 7, EV 85.6 MPH)
|
| Bottom of the 7th over - 0 runs, 1 hit, 0 errors, 1 left on base; New Jersey 2 - Brockton 0 |
| TOP OF THE 8TH |
|
New Jersey Devils batting - Pitching for Brockton Rox : RHP Mitsuharu Yoshimoto
|
|
Pitching: RHP Wu-sheng Zi
|
|
|
Now in RF: Panam Palmer
|
|
|
Batting: RHB Eric Zylstra
|
0-0: Called Strike 0-1: Ball 1-1: Ball 2-1: Foul Ball, location: 2F 2-2: Reached on error, E4 (Groundball, 34D, EV 86.9 MPH)
|
|
Batting: LHB Matt Reynolds
|
0-0: Sac Bunt to 13 - play at first, batter OUT! 1-3 Eric Zylstra to second
|
|
Batting: LHB Randolph Brodbeck
|
0-0: Intentional Walk
|
|
Batting: RHB Sergio Andrada
|
0-0: Ball 1-0: Ball 2-0: Swinging Strike 2-1: Fly out, F8 (Flyball, 8RD, EV 101.2 MPH)
|
|
Batting: RHB Warren Carmichael
|
0-0: Ball 1-0: Reached on error, E4 (Groundball, 4, EV 105.6 MPH) Eric Zylstra to third Randolph Brodbeck to second
|
|
Batting: RHB John Carpenter
|
0-0: Ball 1-0: Ball 2-0: Foul Ball, location: 2F 2-1: Foul Ball, location: 2F 2-2: Ball 3-2: Ground out 1-3 (Groundball, 34S, EV 71.9 MPH)
|
| Top of the 8th over - 0 runs, 0 hits, 2 errors, 3 left on base; New Jersey 2 - Brockton 0 |
| BOTTOM OF THE 8TH |
|
Brockton Rox batting - Pitching for New Jersey Devils : RHP Chris Hannah
|
|
Pinch Hitting: SHB Jose Santiago
|
0-0: Called Strike 0-1: Ball 1-1: Fly out, F9 (Flyball, 89M, EV 86.9 MPH)
|
|
Batting: RHB Matt Walker
|
0-0: SINGLE (Groundball, 6MD, EV 98.8 MPH)
|
|
Batting: LHB Darby Starburster
|
0-0: Ball 1-0: Swinging Strike 1-1: Ball 2-1: Foul Ball, location: 2F 2-2: Foul Ball, location: 2F 2-2: Strikes out swinging
|
|
Batting: LHB Eric Gaugler
|
0-0: Ground out U3 (Groundball, 3, EV 80.0 MPH)
|
| Bottom of the 8th over - 0 runs, 1 hit, 0 errors, 1 left on base; New Jersey 2 - Brockton 0 |
| TOP OF THE 9TH |
|
New Jersey Devils batting - Pitching for Brockton Rox : RHP Wu-sheng Zi
|
|
Now at 2B: Luis Nino
|
|
|
Now at 3B: Jose Santiago
|
|
|
Batting: LHB Rick Vallis
|
0-0: Called Strike 0-1: Ground out 6-3 (Groundball, 6M, EV 90.6 MPH)
|
|
Batting: SHB Ernesto Mazas
|
0-0: Foul Ball, location: 2F 0-1: Ground out 4-3 (Groundball, 4D, EV 97.5 MPH)
|
|
Batting: RHB Craig Alvarado
|
0-0: Fly out, F7 (Flyball, 78D, EV 106.2 MPH)
|
| Top of the 9th over - 0 runs, 0 hits, 0 errors, 0 left on base; New Jersey 2 - Brockton 0 |
| BOTTOM OF THE 9TH |
|
Brockton Rox batting - Pitching for New Jersey Devils : RHP Chris Hannah
|
|
Pitching: RHP Ken Tayo
|
|
|
Batting: RHB Jose Blocker
|
0-0: Swinging Strike 0-1: Fly out, F8 (Flyball, 89M, EV 85.0 MPH)
|
|
Batting: RHB Bob Reichley
|
0-0: Foul Ball, location: 2F 0-1: Called Strike 0-2: Reached on error, E5 (Groundball, 56S, EV 85.6 MPH)
|
|
Batting: RHB Luis Nino
|
0-0: Swinging Strike 0-1: Foul Ball, location: 2F 0-2: Ball 1-2: Strikes out swinging
|
|
Pinch Hitting: RHB Ryan Davis
|
0-0: Ball 1-0: Called Strike 1-1: Ball 2-1: Foul Ball, location: 2F 2-2: Foul Ball, location: 2F 2-2: Ball 3-2: Foul Ball, location: 2F 3-2: Base on Balls
|
|
Pinch Hitting: RHB Wayne Whimster
|
0-0: Ball 1-0: Foul Ball, location: 2F 1-1: Foul Ball, location: 2F 1-2: Ball 2-2: DOUBLE (Flyball, 8LXD, EV 92.5 MPH) Bob Reichley scores Ryan Davis to third Runner from 3rd tries for Home, SAFE, throw by CF to trailing runner, SAFE at third!
|
|
Batting: SHB Jose Santiago
|
0-0: Called Strike 0-1: Ball 1-1: Ball 2-1: Called Strike 2-2: Strikes out looking
|
| Bottom of the 9th over - 2 runs, 1 hit, 1 error, 1 left on base; New Jersey 2 - Brockton 2 |
| TOP OF THE 10TH |
|
New Jersey Devils batting - Pitching for Brockton Rox : RHP Wu-sheng Zi
|
|
Pitching: RHP Jason Metaxas
|
|
|
Now at C: Wayne Whimster
|
|
|
Now in RF: Ryan Davis
|
|
|
Batting: RHB Eric Zylstra
|
0-0: Called Strike 0-1: Ball 1-1: Fly out, F7 (Flyball, 78M, EV 91.2 MPH)
|
|
Pinch Hitting: RHB Kyle Verkamp
|
0-0: Ball 1-0: Ball 2-0: Ball 3-0: Called Strike 3-1: Base on Balls
|
|
Batting: LHB Randolph Brodbeck
|
0-0: Called Strike 0-1: Fielders Choice at 2nd, 3-6 (Groundball, 3D, EV 93.8 MPH)
|
|
Batting: RHB Sergio Andrada
|
0-0: Called Strike 0-1: Ball 1-1: Fly out, F8 (Line Drive, 8RD, EV 93.1 MPH)
|
| Top of the 10th over - 0 runs, 0 hits, 0 errors, 1 left on base; New Jersey 2 - Brockton 2 |
| BOTTOM OF THE 10TH |
|
Brockton Rox batting - Pitching for New Jersey Devils : RHP Ken Tayo
|
|
Now at 1B: Carlos Saldivar
|
|
|
Now at 3B: Warren Carmichael
|
|
|
Batting: RHB Matt Walker
|
0-0: Ball 1-0: Ball 2-0: Called Strike 2-1: Fly out, F9 (Flyball, 9D, EV 90.0 MPH)
|
|
Batting: LHB Darby Starburster
|
0-0: Ball 1-0: Ball 2-0: Called Strike 2-1: Called Strike 2-2: Ball 3-2: Foul Ball, location: 2F 3-2: Foul Ball, location: 2F 3-2: Foul Ball, location: 2F 3-2: Foul Ball, location: 2F 3-2: Strikes out looking
|
|
Batting: LHB Eric Gaugler
|
0-0: Ball 1-0: Ball 2-0: Foul Ball, location: 2F 2-1: Ball 3-1: Base on Balls
|
|
Pitching: RHP Mike Whitaker
|
|
|
Batting: RHB Jose Blocker
|
0-0: Ball 1-0: Called Strike 1-1: Ball Eric Gaugler steals 2nd base (no throw) 2-1: Called Strike 2-2: Strikes out swinging
|
| Bottom of the 10th over - 0 runs, 0 hits, 0 errors, 1 left on base; New Jersey 2 - Brockton 2 |
| TOP OF THE 11TH |
|
New Jersey Devils batting - Pitching for Brockton Rox : RHP Jason Metaxas
|
|
Batting: RHB Warren Carmichael
|
0-0: Swinging Strike 0-1: SINGLE (Groundball, 56S, EV 61.9 MPH) (infield hit)
|
|
Batting: RHB John Carpenter
|
0-0: Called Strike 0-1: Ball 1-1: Called Strike 1-2: Foul Ball, location: 2F 1-2: Fly out, F8 (Flyball, 8LD, EV 99.4 MPH)
|
|
Pinch Hitting: RHB Juan Medina
|
0-0: Ball 1-0: Foul Ball, location: 2F 1-1: Ball 2-1: Ball 3-1: Foul Ball, location: 2F 3-2: Foul Ball, location: 2F 3-2: Strikes out swinging
|
|
Pinch Hitting: RHB Isaiah Heath
|
0-0: Ball Warren Carmichael is caught stealing 2nd base 2-4
|
| Top of the 11th over - 0 runs, 1 hit, 0 errors, 0 left on base; New Jersey 2 - Brockton 2 |
| BOTTOM OF THE 11TH |
|
Brockton Rox batting - Pitching for New Jersey Devils : RHP Mike Whitaker
|
|
Now at C: Brian Jones
|
|
|
Now in LF: Joel Sandoval
|
|
|
Batting: RHB Bob Reichley
|
0-0: Called Strike 0-1: Ball 1-1: Called Strike 1-2: Strikes out swinging
|
|
Batting: RHB Luis Nino
|
0-0: Foul Ball, location: 2F 0-1: Ball 1-1: Swinging Strike 1-2: Ball 2-2: Ball 3-2: Foul Ball, location: 2F 3-2: SINGLE (Groundball, 56, EV 106.9 MPH) (infield hit)
|
|
Batting: RHB Ryan Davis
|
0-0: Ball 1-0: Fly out, F9 (Flyball, 9S, EV 86.9 MPH)
|
|
Batting: RHB Wayne Whimster
|
0-0: Ball 1-0: Called Strike 1-1: Ground out 4-3 (Groundball, 4, EV 85.6 MPH)
|
| Bottom of the 11th over - 0 runs, 1 hit, 0 errors, 1 left on base; New Jersey 2 - Brockton 2 |
| TOP OF THE 12TH |
|
New Jersey Devils batting - Pitching for Brockton Rox : RHP Jason Metaxas
|
|
Pitching: LHP Luis Izquierdo
|
|
|
Pinch Hitting: LHB Tao Li
|
0-0: Swinging Strike 0-1: Ball 1-1: Swinging Strike 1-2: Strikes out swinging
|
|
Batting: RHB Craig Alvarado
|
0-0: Ball 1-0: Swinging Strike 1-1: Foul Ball, location: 2F 1-2: Strikes out swinging
|
|
Batting: RHB Eric Zylstra
|
0-0: Ball 1-0: Foul Ball, location: 2F 1-1: DOUBLE (Line Drive, 3D, EV 100.0 MPH)
|
|
Batting: RHB Carlos Saldivar
|
0-0: Ball 1-0: Ball 2-0: Called Strike 2-1: SINGLE (Groundball, 6S, EV 71.2 MPH) (infield hit) Eric Zylstra to third
|
|
Batting: LHB Randolph Brodbeck
|
0-0: Swinging Strike 0-1: Ball Wild Pitch! Eric Zylstra scores Carlos Saldivar to second 1-1: Swinging Strike 1-2: Foul Ball, location: 2F 1-2: Ball 2-2: Fly out, F6 (Popup, 4MD, EV 61.2 MPH)
|
| Top of the 12th over - 1 run, 2 hits, 0 errors, 1 left on base; New Jersey 3 - Brockton 2 |
| BOTTOM OF THE 12TH |
|
Brockton Rox batting - Pitching for New Jersey Devils : RHP Mike Whitaker
|
|
Now in LF: Tao Li
|
|
|
Batting: SHB Jose Santiago
|
0-0: SINGLE (Line Drive, 78M, EV 95.0 MPH)
|
|
Batting: RHB Matt Walker
|
0-0: Ball 1-0: Called Strike 1-1: Fly out, F8 (Flyball, 89D, EV 105.0 MPH)
|
|
Pinch Hitting: RHB Eric McClelland
|
0-0: Ball 1-0: Ball 2-0: Ball 3-0: Called Strike 3-1: Foul Ball, location: 2F 3-2: Base on Balls Jose Santiago to second
|
|
Pitching: LHP Jesus Espitia
|
|
|
Batting: LHB Eric Gaugler
|
0-0: Ball 1-0: Ball 2-0: Fly out, F9 (Line Drive, 89D, EV 103.1 MPH)
|
|
Pitching: RHP Nick Rutscher
|
|
|
Batting: RHB Jose Blocker
|
0-0: Called Strike 0-1: Called Strike 0-2: Fielders Choice at 2nd, U6 (Groundball, 6M, EV 85.0 MPH)
|
| Bottom of the 12th over - 0 runs, 1 hit, 0 errors, 2 left on base; New Jersey 3 - Brockton 2 |
|